 Dungeon Crawl Stone Soup version 0.30-a0-313-gae38170b09 (webtiles) character file.

Game seed: 88521900508408221

43298 ragingrage the Cleaver (level 13, -2/103 HPs)
             Began as a Mummy Gladiator on Oct 26, 2022.
             Was a High Priest of Okawaru.
             Slain by a death yak (6 damage)
             ... on level 3 of the Lair of Beasts.
             The game lasted 00:46:34 (21952 turns).

ragingrage the Cleaver (Mummy Gladiator)           Turns: 21952, Time: 00:46:35

Health: -2/103     AC: 14    Str: 31    XL:     13   Next: 90%
Magic:  22/27      EV:  9    Int:  8    God:    Okawaru [*****.]
Gold:   43         SH:  7    Dex: 11    Spells: 11/14 levels left

rFire   . . .      SeeInvis .    a - +1 hand axe (freeze)
rCold   + . .      Faith    +    o - +1 kite shield of Uhalo {Fly Will++ rCorr Int-2}
rNeg    + + +      Spirit   .    F - +0 chain mail {rF+}
rPois   ∞          Reflect  .    B - +1 helmet {Int+3}
rElec   .          Harm     .    n - +0 cloak
rCorr   +          Rampage  .    J - +1 pair of gloves
Will    +++..                    (no boots)
Stlth   ..........               A - amulet of regeneration
HPRegen 1.17/turn                f - +6 ring of strength
MPRegen 0.20/turn                K - ring of Xipaygutor {MP+9 Str+2 Dex-2 Slay+6}

@: finesse-ful, flying
A: cold resistance 1, negative energy resistance 3, torment resistance 2, heat
vulnerability 1, in touch with death 2, no potions, faith
a: Renounce Religion, Heroism, Finesse, Duel


You were on level 3 of the Lair of Beasts.
You worshipped Okawaru.
Okawaru was extremely pleased with you.
You visited 2 branches of the dungeon, and saw 15 of its levels.

You collected 773 gold pieces.
You spent 730 gold pieces at shops.

Inventory:

Hand Weapons
 a - a +1 hand axe of freezing (weapon)
 b - a +2 vorpal great mace
 d - a +1 battleaxe of electrocution
 m - a +3 vorpal executioner's axe
 r - a +4 dire flail
 s - the +2 hand axe "Giantslayer" {antimagic, rF++}
   (You found it on level 3 of the Dungeon)

   It reduces the magical energy of the wielder, and disrupts the spells and
   magical abilities of those it strikes.
   Natural abilities and divine invocations are not affected.
   rF:        It greatly protects you from fire.
 E - a +1 broad axe
Missiles
 h - 19 poisoned darts (quivered)
 u - a silver boomerang
 y - an atropa-tipped dart
 I - 2 javelins
Armour
 e - a +1 robe of resistance
 n - a +0 cloak (worn)
 o - the +1 kite shield of Uhalo (worn) {Fly Will++ rCorr Int-2}
   (Okawaru gifted it to you on level 3 of the Lair of Beasts)

   Int:       It affects your intelligence (-2).
   Fly:       It grants you flight.
   rCorr:     It protects you from acid and corrosion.
   Will:      It greatly increases your willpower.
 B - a +1 helmet of intelligence (worn)
 F - a +0 chain mail of fire resistance (worn)
 H - the +1 buckler of Coronation {rC+}
   (Okawaru gifted it to you on level 2 of the Lair of Beasts)

   rC:        It protects you from cold.
 J - a +1 pair of gloves (worn)
Jewellery
 c - a ring of protection from cold
 f - a +6 ring of strength (left hand)
 t - a ring of protection from fire
 A - an amulet of regeneration (around neck)
 K - the ring of Xipaygutor (right hand) {MP+9 Str+2 Dex-2 Slay+6}
   (You bought it in a shop on level 5 of the Dungeon)

   [ring of magical power]

   Str:       It affects your strength (+2).
   Dex:       It affects your dexterity (-2).
   Slay:      It affects your accuracy & damage with ranged weapons and melee
   (+6).
   MP:        It affects your magic capacity (+9).
Wands
 p - a wand of mindburst (3)
 v - a wand of flame (16)
 z - a wand of paralysis (4)
 D - a wand of digging (3)
Scrolls
 g - 2 scrolls of magic mapping
 i - a scroll of amnesia
 j - 5 scrolls of immolation
 l - 8 scrolls of identify
 q - 3 scrolls of fog
 w - 3 scrolls of teleportation
 x - a scroll of enchant weapon
 G - a scroll of silence
Miscellaneous
 C - a lightning rod (1/4)


   Skills:
 - Level 10.0 Fighting
 + Level 14.8 Axes
 - Level 1.5 Throwing
 - Level 4.0 Armour
 + Level 5.9 Dodging
 - Level 0.3 Shields
 - Level 1.0 Spellcasting
 - Level 9.0 Necromancy
 - Level 7.0 Invocations


You had 11 spell levels left.
You knew the following spells:

 Your Spells              Type           Power      Damage    Failure   Level
a - Vampiric Draining     Necr           33%        2d8       45%         3

Your spell library contained the following spells:

 Spells                   Type           Power      Damage    Failure   Level
 Freeze                   Ice            0%         1d3       100%        1
 Slow                     Hex            0%         N/A       100%        1
 Confusing Touch          Hex            0%         N/A       100%        3
 Frozen Ramparts          Ice            0%         1d1       100%        3
 Hailstorm                Conj/Ice       0%         3d3       100%        3
 Ignite Poison            Fire/Tmut/Pois 0%         N/A       100%        3
 Kindle Blastsparks       Fire/Tloc/Air  0%         2d10      100%        3
 Stone Arrow              Conj/Erth      0%         3d7       100%        3
 Leda's Liquefaction      Hex/Erth       0%         N/A       100%        4
 Borgnjor's Vile Clutch   Necr/Erth      8%         N/A       100%        5
 Freezing Cloud           Conj/Ice/Air   0%         6-21      100%        5
 Lee's Rapid Deconstruct  Erth           0%         3d4*      100%        5
 Lehudib's Crystal Spear  Conj/Erth      0%         10d2      100%        8
 Maxwell's Capacitive Co  Air            0%         ∞         100%        8
 Animate Dead             Necr           Unusable   N/A       N/A         4
 Animate Armour           Summ/Erth      Unusable   N/A       N/A         4
 Summon Lightning Spire   Summ/Air       Unusable   N/A       N/A         4
 Death Channel            Necr           Unusable   N/A       N/A         6
 Statue Form              Tmut/Erth      Unusable   N/A       N/A         6
 Storm Form               Tmut/Air       Unusable   N/A       N/A         7

Dungeon Overview and Level Annotations

Branches:
Dungeon (11/15)            Temple (0/1) D:6            Lair (4/5) D:8
 Shoals (0/4) Lair:3        Snake (0/4) Lair:3          Orc (0/2) D:10
  Slime: Lair:4-5

Altars:
Ashenzari
Okawaru
Sif Muna
Trog

Shops:
D:3 :   D:5 :?=(   D:6 !   D:8 :

Annotations:
D:6 2 transporters
Lair:2 Urug
Lair:4 exclusion: 4 oklob plants


Innate Abilities, Weirdness & Mutations

You are immune to poison.
Your flesh is cold resistant. (rC+)
You are immune to negative energy. (rN+++)
You are immune to unholy pain and torment.
You are vulnerable to heat. (rF-)
You are strongly in touch with the powers of death.
You do not drink.
You have a special connection with the divine. (Faith)


Message History

The death yak gores you!
You hit the death yak. You freeze the death yak.
The death yak is lightly wounded.
You hit the death yak. You freeze the death yak.
The death yak is lightly wounded.
The death yak gores you!!
You slash the death yak! You freeze the death yak.
The death yak is moderately wounded.
The death yak gores you!!
* * * LOW HITPOINT WARNING * * *
You completely miss the death yak.
The death yak is moderately wounded.
The death yak closely misses you.
You hit the death yak but do no damage.
The death yak is moderately wounded.
The death yak gores you but does no damage.
You hit the death yak. You freeze the death yak.
The death yak is heavily wounded.
You slash the death yak! You freeze the death yak.
The death yak is severely wounded.
The death yak gores you.
* * * LOW HITPOINT WARNING * * *
You slash the death yak! You freeze the death yak.
The death yak is almost dead.
The death yak gores you!
* * * LOW HITPOINT WARNING * * *
You hit the death yak. You freeze the death yak.
The death yak is almost dead.
You block the death yak's attack.
You hit the death yak but do no damage.
The death yak is almost dead.
The death yak gores you!
* * * LOW HITPOINT WARNING * * *
Unknown command.
Okay, then.
Okay, then.
You can't drink.
You can now deal lightning-fast blows.
The death yak gores you.
You die...

#P...............###.#
#.##.♣
######..#........# ###
####♣. #####.......##
♣♣ #........# ♣
##.....^.##
#...[.....# ♣
#P........# ♣
##.Y.....### #
#..@....#.###### ♣♣
#.........#.##.###♣.
##........>...[...#♣.
#.......<.........#.♣
##............<...#.♣
#...!............#.♣
##................#.♣
#.................#..
##......^.........#.♣


You could see a death yak.

Vanquished Creatures
  Gastronok (Lair:2)
  Josephine (Lair:4)
  2 hydras
  A catoblepas (Lair:3)
  2 boulder beetles
  5 death yaks
  3 two-headed ogres
  2 lindwurms (Lair:4)
  Pikel (D:4)
  An ugly thing (D:11)
  4 manticores (D:11)
  A cyclops (D:8)
  2 elephants
  Joseph (D:7)
  2 black mambas (Lair:4)
  2 torpor snails (Lair:4)
  8 cane toads
  9 komodo dragons
  4 rime drakes
  A queen bee (Lair:3)
  3 meliai
  2 hornets
  Prince Ribbit (D:7)
  14 blink frogs
  2 dream sheep (Lair:3)
  27 yaks
  9 wyverns
  5 basilisks
  2 steam dragons (D:10)
  7 wraiths
  2 vampire mosquitoes (D:10)
  2 nagas (Lair:3)
  An acid dragon (D:8)
  20 water moccasins
  7 orc warriors
  A sky beast (D:7)
  An ice beast (D:5)
  Pargi (D:4)
  A black bear (Lair:3)
  15 wolves
  2 centaurs
  A phantom (D:7)
  A lemure (D:4)
  2 kobold brigands
  10 bullfrogs
  2 scorpions
  3 wights (D:9)
  54 killer bees
  An electric eel (Lair:3)
  3 howler monkeys
  6 orc priests
  4 hounds
  6 iguanas
  17 orc wizards
  5 hell rats
  7 gnolls
  4 adders
  5 river rats (Lair:4)
  2 shadow imps (D:7)
  3 white imps
  A worm (D:4)
  3 dart slugs
  53 orcs
  6 ball pythons
  8 bats
  5 endoplasms
  2 giant cockroaches
  10 goblins
  12 hobgoblins
  2 jackals (D:5)
  14 kobolds
  8 quokkas
  10 frilled lizards
  13 rats
461 creatures vanquished.

Vanquished Creatures (others)
  27 fungi
  61 plants
88 creatures vanquished.

Grand Total: 549 creatures vanquished

Notes
Turn   | Place    | Note
-------+----------+-------------------------------------------
     0 | D:1      | ragingrage the Mummy Gladiator began the quest for the Orb.
     0 | D:1      | Reached XP level 1. HP: 16/16 MP: 1/1
   155 | D:1      | Reached skill level 3 in Axes
   155 | D:1      | Reached XP level 2. HP: 7/22 MP: 2/2
   907 | D:1      | Gained mutation: You are in touch with the powers of death.
                  | [Mummy growth]
   907 | D:1      | Reached XP level 3. HP: 27/27 MP: 3/3
  1924 | D:3      | Reached skill level 4 in Axes
  2019 | D:3      | Reached XP level 4. HP: 33/33 MP: 4/4
  2066 | D:3      | Learned a level 3 spell: Vampiric Draining
  2183 | D:3      | Found an iron altar of Okawaru.
  2195 | D:3      | Became a worshipper of Warmaster Okawaru
  2223 | D:3      | Found Essikhlit's Book Emporium.
  2246 | D:3      | Noticed an eye of devastation
  2249 | D:3      | Found a faded altar of an unknown god.
  2255 | D:3      | Noticed an eye of devastation
  2255 | D:3      | Noticed a shining eye
  2255 | D:3      | Noticed a golden eye
  2379 | D:3      | Reached skill level 1 in Spellcasting
  2588 | D:3      | Identified the +2 hand axe "Giantslayer" {antimagic, rF++}
  2734 | D:4      | Noticed Pargi
  2740 | D:4      | Killed Pargi
  2741 | D:4      | Reached XP level 5. HP: 27/38 MP: 6/6
  2821 | D:4      | Reached * piety under Okawaru
  2847 | D:4      | Reached XP level 6. HP: 44/44 MP: 7/7
  2863 | D:4      | Reached skill level 5 in Axes
  2931 | D:4      | Noticed Pikel
  2956 | D:4      | Killed Pikel
  2956 | D:4      | Reached ** piety under Okawaru
  2957 | D:4      | Reached skill level 6 in Axes
  2957 | D:4      | Reached skill level 5 in Necromancy
  2957 | D:4      | Reached XP level 7. HP: 26/50 MP: 8/8
  3161 | D:4      | Reached XP level 8. HP: 48/56 MP: 9/9
  3292 | D:4      | Reached *** piety under Okawaru
  3715 | D:5      | Entered Level 5 of the Dungeon
  3772 | D:5      | Reached skill level 7 in Axes
  4319 | D:5      | Found Istebi's Weapon Shoppe.
  4321 | D:5      | Found Inwim's Magic Scroll Shoppe.
  4327 | D:5      | Found Tavviq's Jewellery Shoppe.
  4330 | D:5      | Found Uraxt's Book Shoppe.
  4878 | D:6      | Reached skill level 1 in Invocations
  4951 | D:6      | Found a transporter.
  5101 | D:6      | Received a gift from Okawaru
  5217 | D:6      | Reached XP level 9. HP: 61/61 MP: 10/10
  5279 | D:6      | Found a staircase to the Ecumenical Temple.
  5286 | D:6      | Found Kyruumoy's Distillery.
  5365 | D:6      | Reached **** piety under Okawaru
  5447 | D:6      | Found a transporter.
  5840 | D:7      | Reached skill level 8 in Axes
  5882 | D:7      | Noticed Prince Ribbit
  5883 | D:7      | Noticed Joseph
  5894 | D:7      | Killed Prince Ribbit
  6101 | D:7      | Reached ***** piety under Okawaru
  6232 | D:7      | Killed Joseph
  6763 | D:8      | Noticed a cyclops
  7150 | D:8      | Reached XP level 10. HP: 59/67 MP: 13/13
  7154 | D:8      | Reached skill level 5 in Invocations
  7308 | D:8      | Reached skill level 9 in Axes
  7395 | D:8      | Found a staircase to the Lair.
  7935 | D:8      | Found Bischu's Vocational Training.
  8220 | D:9      | Noticed a boulder beetle
  8229 | D:8      | Received a gift from Okawaru
  8275 | D:8      | Killed a cyclops
  8388 | Arena    | Entered the Arena
  8561 | D:9      | Reached skill level 10 in Axes
  8700 | D:8      | Received a gift from Okawaru
  8873 | D:9      | Killed a boulder beetle
  8873 | D:9      | Identified the +1 chain mail of the Eternal Void {rPois rN+
                  | Int-2} (Okawaru gifted it to you on level 9 of the Dungeon)
  8873 | D:9      | Received a gift from Okawaru
  8874 | D:9      | Reached XP level 11. HP: 68/72 MP: 10/16
  9038 | D:9      | Found a broken altar of Ashenzari.
  9041 | D:9      | Found a bloodstained altar of Trog.
  9245 | D:10     | Entered Level 10 of the Dungeon
  9622 | D:10     | Reached skill level 11 in Axes
  9792 | D:10     | Found a staircase to the Orcish Mines.
 10068 | D:10     | Found a shimmering blue altar of Sif Muna.
 10235 | D:10     | Noticed a two-headed ogre
 10247 | D:10     | Killed a two-headed ogre
 11469 | D:11     | HP: 1/72 [manticore (9)]
 11473 | D:11     | Reached skill level 12 in Axes
 11884 | D:11     | Noticed a two-headed ogre
 11900 | D:11     | Killed a two-headed ogre
 12771 | D:11     | Received a gift from Okawaru
 12854 | D:11     | Noticed a two-headed ogre
 12920 | Lair:1   | Entered Level 1 of the Lair of Beasts
 13041 | Lair:1   | Reached skill level 13 in Axes
 13071 | Lair:1   | You fall into a shaft and drop 1 floor!
 13469 | Lair:2   | Reached XP level 12. HP: 20/78 MP: 17/17
 13815 | Lair:2   | Noticed Gastronok
 14063 | Lair:1   | Identified the +2 leather armour "Qefutott" {rPois rC-
                  | rN+++ Regen+}
 14478 | Lair:1   | Reached skill level 14 in Axes
 14890 | Lair:2   | Killed Gastronok
 14890 | Lair:2   | Reached ****** piety under Okawaru
 14890 | Lair:2   | Identified the +1 buckler of Coronation {rC+} (Okawaru
                  | gifted it to you on level 2 of the Lair of Beasts)
 14890 | Lair:2   | Received a gift from Okawaru
 14927 | Lair:2   | Noticed Urug
 15016 | Lair:3   | Noticed a four-headed hydra
 15024 | Lair:3   | Killed a four-headed hydra
 15025 | Lair:3   | Reached skill level 5 in Fighting
 15039 | Lair:3   | Found a staircase to the Snake Pit.
 15798 | D:11     | Killed a two-headed ogre
 16431 | Lair:3   | Noticed a catoblepas
 17004 | Lair:3   | Found a staircase to the Shoals.
 17621 | Lair:3   | Killed a catoblepas
 17621 | Lair:3   | Identified the +1 kite shield of Uhalo {Fly Will++ rCorr
                  | Int-2} (Okawaru gifted it to you on level 3 of the Lair of
                  | Beasts)
 17621 | Lair:3   | Received a gift from Okawaru
 17622 | Lair:3   | Gained mutation: You are strongly in touch with the powers
                  | of death. [Mummy growth]
 17622 | Lair:3   | Reached XP level 13. HP: 71/103 MP: 18/18
 17693 | Lair:3   | Reached skill level 10 in Fighting
 17860 | Lair:3   | Noticed a dire elephant
 18305 | Lair:4   | Reached skill level 1 in Armour
 19332 | Arena    | Entered the Arena
 20077 | Lair:3   | Received a gift from Okawaru
 20162 | Lair:4   | Reached skill level 5 in Dodging
 20657 | Lair:4   | Noticed Josephine
 20708 | Lair:4   | Killed Josephine
 21544 | D:5      | Bought the ring of Xipaygutor {MP+9 Str+2 Dex-2 Slay+6} for
                  | 730 gold pieces
 21951 | Lair:3   | HP: 3/103 [death yak (13)]
 21952 | Lair:3   | Slain by a death yak

Illustrated notes

Levels and vault maps discovered:
D:1:      wheals_arrival_shading, layout_basic, minmay_crystal_room
D:2:      layout_loops_ring
D:3:      cheibrodos_greedy_goblins, layout_loops_ring,
          okawaru_ov_weapons_minmay, hellmonk_ecumenical_altar_watching_god,
          serial_shops, shop
D:4:      layout_loops_ring, minmay_puff, uniq_pikel, uniq_pargi
D:5:      layout_basic, elyvilon_altar_3, minmay_shop_grid_forest,
          minmay_lizard_king
D:6:      gammafunk_cloud_chamber, layout_gridville,
          minmay_temple_entry_large_hall, serial_shops, shop, minmay_door_square
D:7:      layout_rooms, minmay_checkerbox, uniq_prince_ribbit1, uniq_joseph
D:8:      layout_basic, minmay_lair_entry_grove,
          hangedman_abyss_or_decor_stagger, nicolae_shop_vocational
D:9:      layout_gridville, nicolae_overflow_squiral
D:10:     layout_grid_maze, mainiacjoe_overflow_tiny_flanked, david_orc_4
D:11:     layout_layer_cave, kennysheep_generic_room_6
Lair:1:   layout_cave_pods
Lair:2:   layout_cave_pods, uniq_urug, uniq_gastronok
Lair:3:   nzn_winding_woodlands_huge [nzn_winding_woodlands_5x15_split_checker,
          nzn_winding_woodlands_5x15_lazy_stream,
          nzn_winding_woodlands_5x15_garden, nzn_winding_woodlands_5x15_parted,
          nzn_winding_woodlands_5x15_pathside_ponds,
          nzn_winding_woodlands_5x15_cabin, nzn_winding_woodlands_5x15_twine,
          nzn_winding_woodlands_5x15_eye, nzn_winding_woodlands_5x15_sawtooth,
          nzn_winding_woodlands_5x15_river_crossing,
          nzn_winding_woodlands_center_lodge,
          nzn_winding_woodlands_center_diamonds,
          nzn_winding_woodlands_15x15_thick_spiral], layout_big_grid,
          elwin_shoals_entry_rooms, minmay_snake_entry_guardpost_small,
          serial_bayou_pond_e
Lair:4:   hangedman_what_comes_after_a, layout_regular_city,
          kennysheep_abandoned_house, uniq_josephine

Skill      XL: |  1  2  3  4  5  6  7  8  9 10 11 12 13 |
---------------+----------------------------------------+-----
Axes           | 3 4 6 7 8 10 13 14 | 14.8
Spellcasting   | 1 |  1.0
Necromancy     | 2 5 7 8 9 |  9.0
Invocations    | 2 4 7 |  7.0
Fighting       | 9 10 | 10.0
Armour         | 4 |  4.0
Dodging        | 5 |  5.9
Throwing       | |  1.5
Shields        | |  0.3

Action                   |  1- 3 |  4- 6 |  7- 9 | 10-12 | 13-15 || total
-------------------------+-------+-------+-------+-------+-------++-------
Melee: War axe           |    78 |       |       |       |       ||    78
       Hand axe          |    43 |   104 |   351 |   832 |   583 ||  1913
       Punch             |       |       |     5 |    18 |    11 ||    34
       Great mace        |       |       |       |     2 |     2 ||     4
Throw: Throwing net      |     1 |     2 |       |     1 |       ||     4
       Dart              |       |     5 |    18 |    76 |    59 ||   158
       Boomerang         |       |       |       |    38 |       ||    38
       Javelin           |       |       |       |     7 |     4 ||    11
 Cast: Vampiric Draining |       |       |    24 |    38 |    15 ||    77
Invok: Heroism           |       |       |       |    19 |     8 ||    27
       Duel              |       |       |       |     1 |     1 ||     2
       Finesse           |       |       |       |       |     2 ||     2
Evoke: Wand              |       |       |     1 |    10 |     3 ||    14
       Lightning rod     |       |       |       |     9 |     4 ||    13
  Use: Scroll            |       |       |     3 |    14 |     3 ||    20
 Stab: Sleeping          |     3 |     1 |       |     1 |       ||     5
       Held in net/web   |       |     3 |       |       |       ||     3
       Paralysed         |       |       |     3 |       |     3 ||     6
       Distracted        |       |       |     1 |       |       ||     1
Armor: Leather armour    |    47 |     7 |       |       |       ||    54
       Troll leather arm |       |    17 |   121 |   160 |   125 ||   423
       Chain mail        |       |       |       |    25 |    26 ||    51
Dodge: Dodged            |    66 |    49 |   180 |   341 |   319 ||   955
Block: Kite shield       |       |       |       |       |    38 ||    38

Table legend: (Time is in decaauts)
 A = Elapsed time spent in this place.
 B = Non-inter-level travel time spent in this place.
 C = Inter-level travel time spent in this place.
 D = Time resting spent in this place.
 E = Time spent auto-exploring this place.
 F = Levels seen in this place.
 G = Mean time per level.
                   A        B        C        D        E       F      G
               +--------+--------+--------+--------+--------+-----+--------+
         Total |  21568 |  19748 |   1820 |   4965 |   9871 |  17 | 1268.7 |
       Dungeon |  13707 |  12584 |   1123 |   2933 |   6920 |  11 | 1246.1 |
          Lair |   7809 |   7112 |    697 |   2027 |   2951 |   4 | 1952.2 |
         Arena |     51 |     51 |      0 |      4 |      0 |   2 |   25.5 |
               +--------+--------+--------+--------+--------+-----+--------+

Top non-repeatable levels by time:
  Lair:3: 2805 daAuts
  Lair:4: 2785 daAuts
    D:10: 2167 daAuts
    D:11: 2100 daAuts
     D:8: 1902 daAuts
  Lair:1: 1151 daAuts
     D:1: 1075 daAuts
  Lair:2: 1067 daAuts
     D:5: 1044 daAuts
     D:6: 1032 daAuts
     D:4: 1005 daAuts
     D:7: 994 daAuts
     D:2: 853 daAuts
     D:3: 814 daAuts
     D:9: 717 daAuts
